 Dungeon Crawl Stone Soup version 0.23.2-1-ga50397a (webtiles) character file.

Game seed: 15279556892416368753

123 Kairos the Shield-Bearer (level 5, 42/42 HPs)
             Began as a Formicid Fighter on Apr 16, 2019.
             Quit the game on level 3 of the Dungeon.
             The game lasted 00:03:16 (2264 turns).

Kairos the Shield-Bearer (Formicid Fighter)         Turns: 2264, Time: 00:03:17

Health: 42/42      AC:  9    Str: 22    XL:     5   Next: 28%
Magic:  5/5        EV:  6    Int:  7    God:
Gold:   164        SH:  9    Dex: 10    Spells: 4/4 levels left

rFire    . . .     SeeInvis +   a - +0 quarterstaff
rCold    . . .     Gourm    .   c - +0 shield
rNeg     . . .     Faith    .   g - +0 chain mail
rPois    .         Spirit   .   (helmet unavailable)
rElec    .         Reflect  .   (no cloak)
rCorr    .         Harm     .   (no gloves)
MR       .....                  (no boots)
Stlth    ..........             (no amulet)
HPRegen  0.14/turn              (no ring)
MPRegen  0.09/turn              (no ring)

@: no status effects
A: permanent stasis, dig shafts and tunnels, four strong arms, antennae 3
a: Dig, Shaft Self


You were on level 3 of the Dungeon.
You were not hungry.

You visited 1 branch of the dungeon, and saw 3 of its levels.

You collected 164 gold pieces.

Inventory:

Hand Weapons
 a - a +0 quarterstaff (weapon)
Armour
 b - a +0 scale mail
 c - a +0 shield (worn)
 g - a +0 chain mail (worn)
Scrolls
 h - a scroll of fear
 k - 2 scrolls of teleportation
Potions
 d - a potion of might
 i - a potion of invisibility
 j - a potion of curing
Comestibles
 f - 2 rations


   Skills:
 + Level 3.6 Fighting
 + Level 3.3 Staves
 + Level 3.9 Armour
 + Level 1.1 Dodging
 + Level 1.4 Stealth
 + Level 4.2 Shields


You had 4 spell levels left.
You didn't know any spells.
Your spell library was empty.

Dungeon Overview and Level Annotations

Branches:
Dungeon (3/15)

Altars:
Trog


Innate Abilities, Weirdness & Mutations

You cannot be hasted, slowed, berserked, paralysed or teleported.
You can dig through walls and to a lower floor.
Your four strong arms can wield two-handed weapons with a shield.
You have a pair of large antennae on your head. (SInv)


Message History

No target in view!
No target in view!
No target in view!
No target in view!
No target in view!
No target in view!
No target in view!
No target in view!
No target in view!
No target in view!
No target in view!
As you read the scroll labeled EFOEN NELI, it crumbles to dust.
It is a scroll of identify.
j - a potion of curing
As you read the scroll of identify, it crumbles to dust.
k - 2 scrolls of teleportation
As you read the scroll labeled OBRARA CYRRAO, it crumbles to dust.
You hear a loud clanging noise!
It was a scroll of noise.
Are you sure you want to abandon this character and quit the game? (Confirm with "yes".)

#.######.#.## ##.#
#..†.# .
##..#####..#.###
.#...##.....#...##
...........#....#
.#..##..#######.# #
#..##.....#>...# #
#..##.#.....##..#....###
......)@........#.......
##.####.###.###......###
#[$ #....###......
##.###### #..##### .#
#.#.# # .# #.#.# # .# #
... # .# ... # #... #


There were no monsters in sight!

Vanquished Creatures
  Natasha (D:2)
  4 adders
  A worm (D:2)
  2 leopard geckos
  5 orcs (D:3)
  2 giant cockroaches
  7 hobgoblins
  4 jackals (D:1)
  5 kobolds
  4 bats
  2 frilled lizards
  5 goblins
  9 rats
51 creatures vanquished.

Notes
Turn   | Place    | Note
-------+----------+-------------------------------------------
     0 | D:1      | Kairos the Formicid Fighter began the quest for the Orb.
     0 | D:1      | Reached XP level 1. HP: 18/18 MP: 1/1
    66 | D:1      | Reached XP level 2. HP: 12/24 MP: 2/2
   587 | D:1      | Reached XP level 3. HP: 29/29 MP: 3/3
   996 | D:2      | Found a bloodstained altar of Trog.
  1091 | D:2      | Reached skill level 4 in Shields
  1108 | D:2      | Reached skill level 1 in Stealth
  1392 | D:2      | Reached skill level 1 in Dodging
  1392 | D:2      | Reached XP level 4. HP: 33/35 MP: 4/4
  1717 | D:2      | Noticed Natasha
  1726 | D:2      | Killed Natasha
  1981 | D:3      | Reached XP level 5. HP: 16/41 MP: 5/5
  2264 | D:3      | Quit the game

Skill      XL: |  1  2  3  4 |
---------------+-------------+-----
Shields        | 4 |  4.2
Stealth        | 1 |  1.4
Dodging        | 1 |  1.1
Staves         | 3 |  3.3
Fighting       | |  3.6
Armour         | |  3.9

Action                   |  1- 3 |  4- 6 || total
-------------------------+-------+-------++-------
Melee: Quarterstaff      |   138 |    77 ||   215
 Abil: Dig               |     4 |     1 ||     5
  Use: Potion            |     3 |       ||     3
       Scroll            |     2 |     3 ||     5
  Eat: Chunk             |     1 |     1 ||     2
       Ration            |       |     1 ||     1
Armor: Scale mail        |    19 |       ||    19
       Chain mail        |    63 |    36 ||    99
Dodge: Dodged            |    53 |    15 ||    68
Block: Shield            |    82 |    48 ||   130
